 Dungeon Crawl Stone Soup version 0.30-a0-778-g2ef04afb54 (webtiles) character file.

Game seed: 388366939125466676

74 Ceno the Vexing (level 4, -6/32 HPs)
             Began as a Barachi Hexslinger on Feb 16, 2023.
             Mangled by a gnoll
             ... wielding a +0 club
              (9 damage)
             ... on level 2 of the Dungeon.
             The game lasted 00:06:22 (1580 turns).

Ceno the Vexing (Barachi Hexslinger)                Turns: 1580, Time: 00:06:22

Health: -6/32      AC:  2    Str: 12    XL:     4   Next: 30%
Magic:  0/5        EV: 12    Int: 13    God:
Gold:   79         SH:  0    Dex: 14    Spells: 4/5 levels left

rFire   . . .      SeeInvis .    a - +1 sling
rCold   . . .      Faith    .    (no shield)
rNeg    . . .      Spirit   .    c - +0 robe
rPois   .          Reflect  .    (no helmet)
rElec   .          Harm     .    (no cloak)
rCorr   .          Rampage  .    (no gloves)
Will    .....                    (no boots)
Stlth   +                        (no amulet)
HPRegen 0.25/turn                (no ring)
MPRegen 0.09/turn                (no ring)

@: unable to hop, slow
A: amphibious, slowness 1, strong legs 1, +LOS
a: Hop


You were on level 2 of the Dungeon.
You visited 1 branch of the dungeon, and saw 2 of its levels.

You collected 79 gold pieces.

Inventory:

Hand Weapons
 a - a +1 sling (weapon)
Armour
 c - a +0 robe (worn)
 h - a +0 leather armour
Scrolls
 b - a scroll of poison
 d - 2 scrolls of identify {unknown}
 f - 2 scrolls of magic mapping {unknown}
 j - a scroll of acquirement {unknown}
 m - a scroll of teleportation {unknown}
Potions
 e - 2 potions of attraction {unknown}
 g - a potion of ambrosia {unknown}
 i - a potion of flight {unknown}
 k - a potion of curing {unknown}
 l - a potion of heal wounds {unknown}


   Skills:
 - Level 1.2 Fighting
 * Level 3.8 Ranged Weapons
 - Level 2.1 Dodging
 - Level 1.1 Spellcasting
 + Level 4.1 Hexes


You had 4 spell levels left.
You knew the following spells:

 Your Spells              Type           Power      Damage    Failure   Level
a - Slow                  Hex            44%        N/A       5%          1

Your spell library contained the following spells:

 Spells                   Type           Power      Damage    Failure   Level
 Apportation              Tloc           0%         N/A       28%         1
 Necrotise                Necr           0%         1d4       28%         1
 Summon Small Mammal      Summ           0%         N/A       28%         1
 Inner Flame              Hex/Fire       6%         N/A       34%         3
 Portal Projectile        Hex/Tloc       12%        N/A       34%         3
 Cause Fear               Hex            5%         N/A       45%         4


Dungeon Overview and Level Annotations

Branches:
Dungeon (2/15)

Altars:


Innate Abilities, Weirdness & Mutations

You are amphibious.
You cover ground slowly.
You can hop short distances.
You have an extended range of vision and can be seen from far away.


Message History

The gnoll resists with significant effort.
The gnoll hits you with a +0 club!
* * * LOW HITPOINT WARNING * * *
Casting: Slow (safe; 5% risk of failure)
Confirm with . or Enter, or press ? or * to list all spells.
Aiming: Slow (safe; 5% risk of failure)
Press: ? - help, Shift-Dir - straight line, f/p - gnoll
Aim: a gnoll, wielding a +0 club (almost dead, chance to affect: 53%)
The gnoll resists with significant effort.
The gnoll misses you.
Casting: Slow (safe; 5% risk of failure)
Confirm with . or Enter, or press ? or * to list all spells.
Aiming: Slow (safe; 5% risk of failure)
Press: ? - help, Shift-Dir - straight line, f/p - gnoll
Aim: a gnoll, wielding a +0 club (almost dead, chance to affect: 53%)
The gnoll resists with significant effort.
The gnoll misses you.
Casting: Slow (safe; 5% risk of failure)
Confirm with . or Enter, or press ? or * to list all spells.
Aiming: Slow (safe; 5% risk of failure)
Press: ? - help, Shift-Dir - straight line, f/p - gnoll
Aim: a gnoll, wielding a +0 club (almost dead, chance to affect: 53%)
The gnoll resists with significant effort.
The gnoll hits you with a +0 club.
* * * LOW HITPOINT WARNING * * *
Fire: a) +1 sling
Press: ? - help, Q - select action, (/) - cycle Shift-Dir - straight line, f/p - gnoll
Aim: a gnoll, wielding a +0 club (almost dead, 61% to hit)
You shoot a sling bullet.
The sling bullet closely misses the gnoll.
The sling bullet barely misses the gnoll.
The gnoll completely misses you.
Fire: a) +1 sling
Press: ? - help, Q - select action, (/) - cycle Shift-Dir - straight line, f/p - gnoll
Aim: a gnoll, wielding a +0 club (almost dead, 61% to hit)
You shoot a sling bullet.
The sling bullet barely misses the gnoll.
The sling bullet barely misses the gnoll.
The gnoll hits you with a +0 club!
You die...

#.#..P...P.#
#......##
#.#..P#..#.#
#........
#..........#
###......
################
##.....
#.....)g...#
#.....
#.########.#
#..... #. #g#
#..... #. #g#
#####' .g #@# #.
..
#.###############.
g..
#.................
##.....##
##################
#....... #......#
#......# #......+
#......#


You could see 2 gnolls.

Vanquished Creatures
  An adder (D:2)
  2 gnolls (D:2)
  A worm (D:2)
  3 dart slugs
  3 endoplasms (D:2)
  2 giant cockroaches (D:2)
  2 goblins (D:1)
  5 hobgoblins
  5 kobolds (D:1)
  A quokka (D:1)
  7 ball pythons
  2 bats
  A frilled lizard (D:1)
  4 rats
39 creatures vanquished.

Notes
Turn   | Place    | Note
-------+----------+-------------------------------------------
     0 | D:1      | Ceno the Barachi Hexslinger began the quest for the Orb.
     0 | D:1      | Reached XP level 1. HP: 15/15 MP: 2/2
   307 | D:1      | Reached XP level 2. HP: 20/21 MP: 3/3
   907 | D:2      | Reached XP level 3. HP: 26/26 MP: 2/4
  1208 | D:2      | Reached skill level 4 in Hexes
  1564 | D:2      | Reached XP level 4. HP: 25/32 MP: 5/5
  1580 | D:2      | Mangled by a gnoll

Illustrated notes

Levels and vault maps discovered:
D:1:      minmay_arrival_glassed_features, layout_basic
D:2:      cheibrodos_old_hovel, layout_basic

Skill      XL: |  1  2  3 |
---------------+----------+-----
Ranged Weapons | 3 |  3.8
Hexes          | 4 |  4.1
Fighting       | |  1.2
Dodging        | |  2.1
Spellcasting   | |  1.1

Action                     |  1- 3 |  4- 6 || total
---------------------------+-------+-------++-------
   Fire: Sling             |   144 |     9 ||   153
   Cast: Slow              |    22 |     5 ||    27
Ability: Hop               |     6 |     1 ||     7
 Armour: Robe              |    15 |       ||    15
  Dodge: Dodged            |    25 |     6 ||    31

Table legend: (Time is in decaauts)
 A = Elapsed time spent in this place.
 B = Non-inter-level travel time spent in this place.
 C = Inter-level travel time spent in this place.
 D = Time resting spent in this place.
 E = Time spent auto-exploring this place.
 F = Levels seen in this place.
 G = Mean time per level.
                   A        B        C        D        E       F      G
               +--------+--------+--------+--------+--------+-----+--------+
         Total |   1858 |   1814 |     44 |    122 |   1170 |   2 |  929.0 |
       Dungeon |   1858 |   1814 |     44 |    122 |   1170 |   2 |  929.0 |
               +--------+--------+--------+--------+--------+-----+--------+

Top non-repeatable levels by time:
     D:1: 1021 daAuts
     D:2: 837 daAuts
